 Dungeon Crawl Stone Soup version 0.26.1-2-gb8aa6d0cf2 (webtiles) character file.

Game seed: 373023557327575045

32 skwiii the Magician (level 3, 0/24 HPs)
             Began as a Demonspawn Hedge Wizard on Feb 25, 2021.
             Succumbed to an adder's poison
             ... on level 1 of the Dungeon on Feb 26, 2021.
             The game lasted 00:05:50 (2273 turns).

skwiii the Magician (Demonspawn Hedge Wizard)       Turns: 2273, Time: 00:05:51

Health: 0/24       AC:  2    Str: 10    XL:     3   Next: 8%
Magic:  2/7        EV: 12    Int: 16    God:
Gold:   92         SH:  0    Dex: 12    Spells: 7/8 levels left

rFire    . . .     SeeInvis .   a - +0 dagger
rCold    + . .     Faith    .   (no shield)
rNeg     . . .     Spirit   .   b - +0 robe
rPois    .         Reflect  .   c - +0 hat
rElec    .         Harm     .   (no cloak)
rCorr    .         Rampage  .   (no gloves)
Will     .....                  (no boots)
Stlth    ++........             (no amulet)
HPRegen  0.08/turn              (no ring)
MPRegen  0.10/turn              (no ring)

@: lethally poisoned (0 -> -18)
A: claws 1, cold resistance 1
a: no special abilities


You were on level 1 of the Dungeon.
You visited 1 branch of the dungeon, and saw 2 of its levels.

You collected 92 gold pieces.

Inventory:

Hand Weapons
 a - a +0 dagger (weapon)
 d - a +2 antimagic dagger
Armour
 b - a +0 robe (worn)
 c - a +0 hat (worn)
Jewellery
 f - an uncursed amulet of regeneration
Scrolls
 e - a scroll of identify


   Skills:
 - Level 1.7 Dodging
 - Level 1.7 Stealth
 + Level 3.2 Spellcasting
 + Level 1.7 Conjurations
 + Level 1.6 Summonings
 + Level 1.4 Translocations


You had 7 spell levels left.
You knew the following spells:

 Your Spells              Type           Power        Failure   Level
a - Magic Dart            Conj           32%          9%          1

Your spell library contained the following spells:

 Spells                   Type           Power        Failure   Level
 Call Imp                 Summ           8%           14%         2
 Blink                    Tloc           N/A          16%         2
 Slow                     Hex            2%           28%         2
 Conjure Flame            Conj/Fire      5%           36%         3
 Mephitic Cloud           Conj/Pois/Air  4%           41%         3


Dungeon Overview and Level Annotations

Branches:
Dungeon (2/15)

Altars:


Innate Abilities, Weirdness & Mutations

You have sharp fingernails.
Your flesh is cold resistant. (rC+)


Message History

The magic dart hits the hobgoblin.
You kill the hobgoblin!
You feel sick. The goblin closely misses you. The adder bites you.
You are lethally poisoned!
The adder poisons you!
Okay, then.
You feel sick.
You feel sick. The adder bites you.
* * * LOW HITPOINT WARNING * * *
You are more poisoned.
The adder poisons you!
Your magical contamination has completely faded away.
* * * LOW HITPOINT WARNING * * *
You feel sick.
Unknown command.
* * * LOW HITPOINT WARNING * * *
You feel sick.
* * * LOW HITPOINT WARNING * * *
You feel sick.
You die...

#.# #.# ####.##### #.#
#........# ##'##
##.##.###.###...#####
#.....# #.##.....##.###
#..#.## #.#)>......#..#
#.....###........#...#.
#.......S......#...#...
#.....@.g....#...#...#.
#.##.####..#...#...#...
##.####
#.#...#...#...#. #....#
#...#...#...#... ##.#.#
#.#...#...#...#. ###.#
##...#...#...#... #.#
#..#...#...#...#. #.#
#....#...#...#... #.#
#..#...#...#...#.


You could see an adder and a goblin.

Vanquished Creatures
  An adder (D:1)
  A dart slug (D:1)
  A leopard gecko (D:1)
  2 giant cockroaches
  3 goblins (D:1)
  A hobgoblin (D:1)
  3 bats (D:1)
  2 frilled lizards (D:1)
  3 kobolds (D:1)
  3 rats (D:1)
20 creatures vanquished.

Notes
Turn   | Place    | Note
-------+----------+-------------------------------------------
     0 | D:1      | skwiii the Demonspawn Hedge Wizard began the quest for the
                  | Orb.
     0 | D:1      | Reached XP level 1. HP: 13/13 MP: 4/4
   419 | D:1      | Reached skill level 1 in Translocations
   916 | D:1      | Gained mutation: Your flesh is cold resistant. (rC+)
                  | [demonic ancestry]
   916 | D:1      | Reached XP level 2. HP: 6/19 MP: 0/6
  2099 | D:1      | Gained mutation: You have sharp fingernails. [demonic
                  | ancestry]
  2099 | D:1      | Reached XP level 3. HP: 16/24 MP: 1/7
  2272 | D:1      | HP: 1/24 [poisoned by an adder]
  2273 | D:1      | Succumbed to an adder's poison

Illustrated notes

Levels and vault maps discovered:
D:1:      eino_arrival_water_cross, layout_loops_corners, hex_large
D:2:      layout_basic, serial_park_tiny_2, amethyst_killhole,
          serial_park_tiny_1, uniq_natasha

Skill      XL: |  1 |
---------------+----+-----
Translocations | 1 |  1.4
Dodging        | |  1.7
Stealth        | |  1.7
Spellcasting   | |  3.2
Conjurations   | |  1.7
Summonings     | |  1.6

Action                   || total
-------------------------++-------
Melee: Dagger            ||     9
 Cast: Magic Dart        ||    50
  Use: Scroll            ||     1
Armor: Robe              ||     5
Dodge: Dodged            ||    24
